 Dungeon Crawl Stone Soup version 0.18.1-48-g4cf74bf (webtiles) character file.

162 sxhjm the Shield-Bearer (level 5, -1/42 HPs)
             Began as a Formicid Fighter on July 4, 2016.
             Was an Initiate of Qazlal.
             Slain by schammes's ghost (9 damage)
             ... on level 4 of the Dungeon.
             The game lasted 00:14:35 (1389 turns).

sxhjm the Shield-Bearer (Formicid Fighter)          Turns: 1389, Time: 00:14:37

Health: -1/42      AC:  9    Str: 22    XL:     5   Next: 71%
Magic:  5/5        EV:  8    Int:  7    God:    Qazlal [......]
Gold:   118        SH: 10    Dex: 10    Spells: 0 memorised, 4 levels left

rFire  . . .     SeeInvis +     a - +0 flail
rCold  . . .     Gourm    .     b - +0 scale mail
rNeg   . . .     Faith    .     c - +0 shield
rPois  .         Spirit   .     (helmet unavailable)
rElec  .         Dismiss  .     (no cloak)
rCorr  .         Reflect  .     (no gloves)
SustAt .         Harm     .     (no boots)
MR     .....                    (no amulet)
Stlth  ..........               (no ring)
                                (no ring)

@: not resistant to hostile enchantments, extremely unstealthy
A: permanent stasis, dig shafts and tunnels, four strong arms, antennae 3, slimy
green scales 1, slow regeneration 1
a: Dig, Shaft Self, Renounce Religion


You were on level 4 of the Dungeon.
You worshipped Qazlal.
Qazlal was noncommittal.
You were not hungry.

You visited 1 branch of the dungeon, and saw 4 of its levels.

You collected 118 gold pieces.

Inventory:

Hand Weapons
 a - a +0 flail (weapon)
 g - a +0 mace
Missiles
 h - a throwing net (quivered)
Armour
 b - a +0 scale mail (worn)
 c - a +0 shield (worn)
Scrolls
 e - 5 scrolls of identify
 k - 2 scrolls of remove curse {unknown}
 l - a scroll of blinking {unknown}
 m - a scroll of magic mapping {unknown}
 n - a scroll of teleportation {unknown}
 p - a scroll of random uselessness {unknown}
 r - a scroll of noise {unknown}
Potions
 d - a potion of might
 j - a potion of flight
 q - a potion of brilliance
Comestibles
 f - a bread ration
 i - a meat ration


   Skills:
 + Level 4.2 Fighting
 + Level 3.0 Maces & Flails
 + Level 4.2 Armour
 + Level 0.6 Stealth
 + Level 5.0 Shields


You had 4 spell levels left.
You didn't know any spells.

Dungeon Overview and Level Annotations

Branches:
Dungeon (4/15)
 Temple: D:4-7

Altars:
Qazlal
Xom

Annotations:
D:4 schammes's ghost, amateur DsFi


Innate Abilities, Weirdness & Mutations

You are under a permanent stasis effect.
You can dig through walls and to a lower floor.
Your four strong arms can wield two-handed weapons with a shield.
You have a pair of large antennae on your head (SInv).
You are partially covered in slimy green scales (AC +2).
You regenerate slowly when monsters are visible.


Message History

You block schammes's ghost's attack.
Your shield prevents you from hitting schammes's ghost.
Schammes's ghost is moderately damaged.
Schammes's ghost shrieks, "What do you have that I didn't have?"
Schammes's ghost barely misses you. Schammes's ghost hits you!
Schammes's ghost burns you.
Your scale mail prevents you from hitting schammes's ghost.
Schammes's ghost is moderately damaged.
Schammes's ghost closely misses you.
You hit schammes's ghost but do no damage.
Schammes's ghost is moderately damaged.
Schammes's ghost hits you! Schammes's ghost burns you.
You hit schammes's ghost but do no damage.
Schammes's ghost is moderately damaged.
Schammes's ghost hits you!
* * * LOW HITPOINT WARNING * * *
Schammes's ghost burns you.
* * * LOW HITPOINT WARNING * * *
Schammes's ghost hits you!
You die...

....... #...#..# .......
#....... ....... #......
.......##.....
............#..
#............
#.........###########
#.....>...W@.........
.....(....##......###
..........##......#
..........##......#
.......[..#.......#
..........#.......#########
......#####...............#
...... #...............#
#...............


You could see schammes's ghost.

Vanquished Creatures
  An ice beast (D:3)
  A crimson imp (D:3)
  A dart slug (D:1)
  2 giant geckos
  3 orcs (D:3)
  A bat (D:2)
  4 giant cockroaches
  A goblin (D:1)
  2 kobolds
  5 quokkas
  A ball python (D:1)
  3 giant newts
  4 rats
29 creatures vanquished.

Notes
Turn   | Place    | Note
--------------------------------------------------------------
     0 | D:1      | sxhjm the Formicid Fighter began the quest for the Orb.
     0 | D:1      | Reached XP level 1. HP: 18/18 MP: 1/1
   366 | D:1      | Reached XP level 2. HP: 24/24 MP: 2/2
   631 | D:2      | Found a stormy altar of Qazlal.
   638 | D:2      | Became a worshipper of Qazlal Stormbringer
   728 | D:2      | Reached skill level 4 in Shields
   728 | D:2      | Reached XP level 3. HP: 27/30 MP: 3/3
  1073 | D:3      | Found a shimmering altar of Xom.
  1082 | D:3      | Reached XP level 4. HP: 37/37 MP: 4/4
  1112 | D:3      | Noticed an ice beast
  1155 | D:3      | Killed an ice beast
  1155 | D:3      | Reached skill level 5 in Shields
  1155 | D:3      | Reached XP level 5. HP: 19/42 MP: 5/5
  1351 | D:4      | Gained mutation: You are partially covered in slimy green scales (AC +2). [potion of mutation]
  1351 | D:4      | Gained mutation: You regenerate slowly when monsters are visible. [potion of mutation]
  1371 | D:4      | Noticed schammes's ghost (amateur DsFi)
  1389 | D:4      | Slain by schammes's ghost

Skill      XL: |  1  2  3  4 |
---------------+-------------+-----
Shields        | 4 5 |  5.0
Fighting       | 4 |  4.2
Maces & Flails | 3 |  3.0
Armour         | 4 |  4.2
Stealth        | |  0.6

Action                   |  1- 3 |  4- 6 || total
-------------------------+-------+-------++-------
Melee: Flail             |    92 |    35 ||   127
  Use: Scroll            |     1 |     2 ||     3
       Potion            |       |     1 ||     1
  Eat: Chunk             |     1 |     1 ||     2
Armor: Scale mail        |    36 |    11 ||    47
Dodge: Dodged            |    23 |    17 ||    40
Block: Shield            |    40 |    11 ||    51
